AoeStats
← Lord Juan II

African Clearing

505216140Analyzed
4v4 RM · 25d ago on Sep 8, 2026· 43m 40s· 8 players
Game mode
Random Map
Map size
Large (8 player)
Population
200
Speed
Normal
Resources
Standard
Victory
Conquest
Starting age
Dark Age
Ending age
Imperial Age
RankedLock teamsTeams togetherTeam positionsShared explorationLock speedFull tech treeHidden civsTurbo modeCheats
Victory
Defeat
🇹🇭 Magyars · Thailand
1147
+13
🇨🇳 Spanish · China
1120
+14
🇯🇵 Turks · Japan
1113
+14
🇳🇱 Burgundians · Netherlands
1099
+15
🇨🇳 Mongols · China
1147
-16
🇹🇼 Huns · Taiwan
1068
-14
🇯🇵 Portuguese · Japan
1055
-13
🇹🇼 Cumans · Taiwan
1047
-13
Hola Conchita
5:19 Loom
11:59 Feudal Age
10:25 Double-Bit Axe
19:18 Castle Age
17:31 Forging
17:50 Gold Mining
17:54 Horse Collar
19:36 Stone Mining
20:21 Scale Barding Armor
23:40 Husbandry
25:33 Cavalier
28:43 Wheelbarrow
28:38 Heavy Plow
29:20 Bow Saw
34:06 Imperial Age
34:01 Fletching
34:16 Paladin
35:40 Conscription
39:44 Chain Barding Armor
40:00 Iron Casting
unknow
5:42 Loom
19:31 Feudal Age
19:45 Man-at-Arms
20:11 Arson
26:58 Castle Age
25:41 Double-Bit Axe
25:41 Horse Collar
27:26 Wheelbarrow
28:25 Stone Mining
28:26 Gold Mining
28:25 Long Swordsman
29:07 Squires
29:25 Forging
29:16 Scale Mail Armor
30:27 Gambesons
33:44 Bow Saw
35:08 Husbandry
35:19 Bloodlines
35:39 Heavy Plow
35:37 Light Cavalry
36:30 Scale Barding Armor
37:17 Pikeman
39:04 Iron Casting
43:03 Imperial Age
40:48 Hand Cart
40:19 Town Watch
43:23 Town Patrol
RomaSaga
3:49 Loom
15:04 Feudal Age
19:07 Castle Age
18:11 Double-Bit Axe
26:15 Bow Saw
25:46 Horse Collar
26:58 Heavy Plow
28:18 Gold Mining
29:59 Scale Barding Armor
30:47 Forging
30:39 Town Watch
33:29 Stone Mining
36:12 Imperial Age
34:34 Iron Casting
34:57 Gold Shaft Mining
35:47 Wheelbarrow
35:43 Sanctity
35:34 Fervor
35:42 Bloodlines
36:51 Hand Cart
37:04 Chain Barding Armor
36:45 Husbandry
38:11 Blast Furnace
36:57 Heavy Camel Rider
38:44 Plate Barding Armor
38:50 Padded Archer Armor
38:43 Fletching
40:07 Cavalier
41:42 Conscription
42:05 Elite Janissary
42:51 Artillery
Lord Juan II
7:34 Loom
11:36 Feudal Age
12:30 Double-Bit Axe
15:46 Scale Barding Armor
18:44 Wheelbarrow
24:21 Castle Age
24:21 Fletching
25:18 Town Watch
35:20 Padded Archer Armor
36:44 Hand Cart
43:12 Gold Mining
168kcal
4:31 Loom
13:25 Feudal Age
18:38 Castle Age
25:54 Double-Bit Axe
26:30 Horse Collar
30:55 Wheelbarrow
30:43 Bow Saw
35:58 Imperial Age
34:25 Forging
34:17 Scale Mail Armor
34:01 Pikeman
37:12 Chain Mail Armor
37:33 Iron Casting
38:18 Hand Cart
38:38 Plate Mail Armor
38:34 Fortified Wall
38:18 Halberdier
40:48 Blast Furnace
40:10 Padded Archer Armor
40:50 Conscription
42:36 Chemistry
43:34 Heavy Plow
布朗勾勾
4:53 Loom
17:53 Feudal Age
19:32 Fletching
jerry80tim
17:19 Feudal Age
18:23 Loom
18:34 Double-Bit Axe
22:36 Wheelbarrow
24:34 Bloodlines
28:15 Castle Age
35:02 Bow Saw
37:01 Fletching
37:46 Padded Archer Armor
39:50 Bodkin Arrow
飘叶
12:02 Feudal Age
13:46 Double-Bit Axe
15:45 Forging
16:07 Loom
19:54 Castle Age
19:22 Fletching
20:34 Bodkin Arrow
20:40 Padded Archer Armor
21:58 Bow Saw
31:03 Husbandry
31:14 Bloodlines
31:33 Gold Mining
33:12 Leather Archer Armor
33:33 Iron Casting
33:50 Gold Shaft Mining
34:16 Thumb Ring
36:59 Wheelbarrow
39:38 Imperial Age
36:56 Horse Collar
38:43 Scale Barding Armor
39:57 Ballistics
39:42 Heavy Cavalry Archer
40:48 Parthian Tactics
40:39 Stone Mining
41:36 Conscription
42:22 Heavy Plow
42:39 Hand Cart
Connection lost

Rejoining the realm…

Still unreachable

The connection could not be restored.

Session expired

The server has moved on; the page needs a fresh start.